 Dungeon Crawl Stone Soup version 0.30-a0-170-g85af917532 (webtiles) character file.

Game seed: 14646111963361998555

408 dave1331 the Covered (level 6, -8/56 HPs)
             Began as a Minotaur Fighter on Sept 30, 2022.
             Was an Initiate of Nemelex Xobeh.
             Mangled by an ogre
             ... wielding a +0 giant spiked club
              (20 damage)
             ... on level 5 of the Dungeon.
             The game lasted 00:13:16 (3506 turns).

dave1331 the Covered (Minotaur Fighter)             Turns: 3506, Time: 00:13:16

Health: -8/56      AC: 11    Str: 22    XL:     6   Next: 57%
Magic:  5/5        EV:  9    Int: 11    God:    Nemelex Xobeh [......]
Gold:   232        SH:  5    Dex: 10    Spells: 5/5 levels left

rFire   . . .      SeeInvis .    a - +0 long sword
rCold   . . .      Faith    .    c - +0 buckler
rNeg    . . .      Spirit   .    v - +2 scale mail {Will+}
rPois   .          Reflect  .    (helmet restricted)
rElec   .          Harm     .    f - +0 cloak
rCorr   .          Rampage  .    (no gloves)
Will    +....                    y - +0 pair of boots
Stlth   ..........               u - amulet of magic regeneration
HPRegen 0.18/turn                s - +6 ring of intelligence
MPRegen 0.49/turn                (no ring)

@: no status effects
A: horns 2, retaliatory headbutt
a: Renounce Religion, Draw Escape, Draw Destruction, Draw Summoning


You were on level 5 of the Dungeon.
You worshipped Nemelex Xobeh.
Nemelex Xobeh was noncommittal.
You visited 1 branch of the dungeon, and saw 5 of its levels.

You collected 232 gold pieces.

Inventory:

Hand Weapons
 a - a +0 long sword (weapon)
Armour
 b - a +0 scale mail
 c - a +0 buckler (worn)
 f - a +0 cloak (worn)
 i - a +0 helmet
 v - a +2 scale mail of willpower (worn)
 y - a +0 pair of boots (worn)
Jewellery
 o - a ring of wizardry
 s - a +6 ring of intelligence (left hand)
 u - an amulet of magic regeneration (around neck)
Scrolls
 e - a scroll of silence {unknown}
 j - 2 scrolls of enchant armour {unknown}
 k - a scroll of noise {unknown}
 l - 5 scrolls of teleportation {unknown}
 m - 3 scrolls of identify
 n - a scroll of magic mapping {unknown}
 t - a scroll of butterflies {unknown}
 x - a scroll of fear {unknown}
Potions
 d - 2 potions of might
 g - 2 potions of haste {unknown}
 h - a potion of brilliance {unknown}
 p - 2 potions of cancellation {unknown}
 q - 2 potions of mutation {unknown}
 r - a potion of curing {unknown}
 w - a potion of ambrosia {unknown}
 z - a potion of resistance {unknown}


   Skills:
 + Level 5.4 Fighting
 + Level 4.7 Long Blades
 + Level 5.4 Armour
 + Level 5.4 Shields


You had 5 spell levels left.
You didn't know any spells.
Your spell library contained the following spells:

 Spells                   Type           Power      Damage    Failure   Level
 Airstrike                Air            0%         2d(0-16)  100%        4
 Summon Lightning Spire   Summ/Air       0%         N/A       100%        4
 Lightning Bolt           Conj/Air       0%         1d11      100%        5


Dungeon Overview and Level Annotations

Branches:
Dungeon (5/15)
 Temple: D:4-7

Altars:
Elyvilon
Nemelex Xobeh


Innate Abilities, Weirdness & Mutations

You have a pair of horns on your head.
You reflexively headbutt those who attack you in melee.


Message History

The iguana is moderately wounded.
The iguana bites you but does no damage.
You closely miss the iguana.
The iguana is moderately wounded.
You block the iguana's attack. The iguana barely misses you.
You hit the iguana.
The iguana is moderately wounded.
The iguana bites you but does no damage.
You hit the iguana but do no damage. You headbutt the iguana.
The iguana is heavily wounded.
The iguana bites you but does no damage.
You hit the iguana.
The iguana is severely wounded.
The iguana bites you!
* * * LOW HITPOINT WARNING * * *
You hit the iguana.
The iguana is almost dead.
The iguana bites you.
* * * LOW HITPOINT WARNING * * *
You barely miss the iguana. Your headbutt misses the iguana.
The iguana is almost dead.
You block the iguana's attack. The iguana bites you.
* * * LOW HITPOINT WARNING * * *
You hit the iguana.
You kill the iguana!
You see here an iguana corpse.
You hear the slow hiss of an avalanche of sand nearby.
You hear the hiss of an avalanche of sand nearby.
You hear the hiss of an avalanche of sand nearby.
An ogre comes into view. It is wielding a +0 giant spiked club.
The ogre shouts!
Items here: )))) [[ †.
Found 19 gold pieces.
You hit the ogre but do no damage. Your headbutt misses the ogre.
The ogre hits you with a +0 giant spiked club!!
* * * LOW HITPOINT WARNING * * *
You barely miss the ogre. Your headbutt misses the ogre.
The ogre hits you with a +0 giant spiked club!!
You die...
Your body disappears without a glow.

#.# #.# #### #.# #.#
.....
#.#####.###.##...###
^.....).............
.##.##.###......###
# #.#.....#.## ##.
#†#.##.....#
#$#...#)#.##......#
#.....O@...>........
#.....#...........##
...#.####.##.#...##
..... .# # ... ..
#.# ## ..


You could see an ogre.

Vanquished Creatures
  A centaur (D:5)
  A hound (D:4)
  A jelly (D:4)
  An orc priest (D:5)
  An orc wizard (D:5)
  3 iguanas
  5 adders
  2 ufetubi (D:5)
  2 worms
  A dart slug (D:4)
  6 orcs
  5 ball pythons
  3 bats
  12 endoplasms
  3 giant cockroaches
  3 goblins
  4 hobgoblins
  3 kobolds
  2 quokkas
  3 frilled lizards
  6 rats
68 creatures vanquished.

Notes
Turn   | Place    | Note
-------+----------+-------------------------------------------
     0 | D:1      | dave1331 the Minotaur Fighter began the quest for the Orb.
     0 | D:1      | Reached XP level 1. HP: 19/19 MP: 0/0
   208 | D:1      | Reached XP level 2. HP: 27/27 MP: 1/1
   856 | D:2      | Reached XP level 3. HP: 25/33 MP: 2/2
  1210 | D:2      | Found a faded altar of an unknown god.
  1658 | D:3      | Reached XP level 4. HP: 18/40 MP: 3/3
  2431 | D:3      | Found a sparkling altar of Nemelex Xobeh.
  2452 | D:3      | Became a worshipper of Nemelex Xobeh the Trickster
  2772 | D:4      | Found a white marble altar of Elyvilon.
  2805 | D:4      | Reached XP level 5. HP: 46/47 MP: 4/4
  3179 | D:4      | Reached skill level 5 in Armour
  3286 | D:5      | Entered Level 5 of the Dungeon
  3292 | D:5      | Reached skill level 5 in Fighting
  3292 | D:5      | Reached skill level 5 in Shields
  3311 | D:5      | Noticed a centaur
  3319 | D:5      | Killed a centaur
  3320 | D:5      | Reached XP level 6. HP: 37/56 MP: 5/5
  3506 | D:5      | Mangled by an ogre

Illustrated notes

Levels and vault maps discovered:
D:1:      dpeg_arrival_houses_and_road, layout_basic, serial_corexii_hall,
          corexii_hall_statues_i, corexii_hall_statues_i,
          corexii_hall_statues_s, corexii_hall_statues_x,
          corexii_hall_statues_s, corexii_hall_statues_t
D:2:      layout_basic, shapermc_ecumenical_altar_mp_highgroup
D:3:      layout_basic, mainiacjoe_overflow_alcove_1
D:4:      layout_basic, lemuel_doored_altar, serial_glass, glass_columns_b,
          glass_columns_a, glass_columns_a, glass_columns_a, glass_columns_b,
          glass_columns_a, glass_columns_c, glass_columns_b, glass_columns_c,
          glass_columns_a
D:5:      layout_loops_ring, nicolae_ossuary_entry_catacombs,
          gammafunk_ghost_arena, uniq_grinder, uniq_crazy_yiuf_cottage

Skill      XL: |  1  2  3  4  5 |
---------------+----------------+-----
Armour         | 4 5 |  5.4
Shields        | 4 5 |  5.4
Fighting       | 4 5 |  5.4
Long Blades    | 3 4 |  4.7

Action                   |  1- 3 |  4- 6 || total
-------------------------+-------+-------++-------
Melee: Long sword        |    88 |   105 ||   193
       Headbutt          |    10 |    17 ||    27
  Use: Scroll            |     1 |       ||     1
Armor: Scale mail        |    43 |    51 ||    94
Dodge: Dodged            |    34 |    48 ||    82
Block: Buckler           |    14 |    24 ||    38

Table legend: (Time is in decaauts)
 A = Elapsed time spent in this place.
 B = Non-inter-level travel time spent in this place.
 C = Inter-level travel time spent in this place.
 D = Time resting spent in this place.
 E = Time spent auto-exploring this place.
 F = Levels seen in this place.
 G = Mean time per level.
                   A        B        C        D        E       F      G
               +--------+--------+--------+--------+--------+-----+--------+
         Total |   3553 |   2895 |    658 |      0 |   2300 |   5 |  710.6 |
       Dungeon |   3553 |   2895 |    658 |      0 |   2300 |   5 |  710.6 |
               +--------+--------+--------+--------+--------+-----+--------+

Top non-repeatable levels by time:
     D:2: 931 daAuts
     D:3: 877 daAuts
     D:4: 807 daAuts
     D:1: 710 daAuts
     D:5: 227 daAuts
